 Dungeon Crawl Stone Soup version 0.18-a0-1773-gec4f98e (webtiles) character file.

21 FitzyFitz the Magician (level 2, 0/20 HPs)
             Began as a Draconian Wizard on Apr 15, 2016.
             Slain by a gnoll
             ... wielding a +0 halberd
              (3 damage)
             ... on level 1 of the Dungeon.
             The game lasted 00:03:02 (465 turns).

FitzyFitz the Magician (Draconian Wizard)            Turns: 465, Time: 00:03:02

Health: 0/20       AC:  5    Str:  9    XL:     2   Next: 62%
Magic:  1/6        EV: 12    Int: 18    God:
Gold:   24         SH:  0    Dex:  9    Spells: 1 memorised, 6 levels left

rFire  . . .     SeeInvis .     g - +0 short sword
rCold  . . .     Gourm    .     (armour unavailable)
rNeg   . . .     Faith    .     (no shield)
rPois  .         Spirit   .     j - +0 hat
rElec  .         Dismiss  .     (no cloak)
rCorr  +         Reflect  .     (no gloves)
SustAt .         Harm     .     l - +0 pair of boots
MR     .....                    (no amulet)
Stlth  +.........               (no ring)
                                m - ring of resist corrosion

@: very slightly contaminated, not resistant to hostile enchantments, very
unstealthy
A: unfitting armour, cold-blooded, AC +4
a: no special abilities


You were on level 1 of the Dungeon.
You were not hungry.

You visited 1 branch of the dungeon, and saw 1 of its levels.

You collected 24 gold pieces.

Inventory:

Hand Weapons
 g - a +0 short sword (weapon)
Missiles
 d - 32 stones (quivered)
 e - 6 sling bullets
 k - 7 curare-tipped needles
Armour
 a - a +0 hat
 i - a +0 buckler
 j - a +0 hat (worn)
 l - a +0 pair of boots (worn)
 n - a +0 large shield
Jewellery
 m - a ring of resist corrosion (left hand)
Books
 b - a book of Minor Magic

   Spells                             Type                      Level
   a - Magic Dart                     Conjuration                  1
   b - Blink                          Translocation                2
   c - Call Imp                       Summoning                    2
   d - Repel Missiles                 Charms/Air                   2
   e - Slow                           Hexes                        2
   f - Conjure Flame                  Conjuration/Fire             3
   g - Mephitic Cloud                 Conjuration/Poison/Air       3
Comestibles
 c - a bread ration


   Skills:
 - Level 1.7 Dodging
 - Level 1.7 Stealth
 + Level 1.2 Shields
 - Level 3.0 Spellcasting
 - Level 2.2 Conjurations
   Level 1.0 Summonings
   Level 1.0 Translocations


You had 6 spell levels left.
You knew the following spells:

 Your Spells              Type           Power        Failure   Level  Hunger
a - Magic Dart            Conj           ##..         10%         1    None


Dungeon Overview and Level Annotations

Branches:
Dungeon (1/15)

Altars:


Innate Abilities, Weirdness & Mutations

Your plain brown scales are hard (AC +4).
Your body does not fit into most forms of armour.
You are cold-blooded and may be slowed by cold attacks.


Message History

Casting: Magic Dart
Confirm with . or Enter, or press ? or * to list all spells.
Aiming: Magic Dart
Press: ? - help, Shift-Dir - straight line, f/p - gnoll
Aim: a gnoll, wielding a halberd (heavily wounded)
You miscast Magic Dart.
You are very lightly contaminated with residual magic.
Wisps of smoke drift from your hands. The bat hits you.
* * * LOW HITPOINT WARNING * * *
The bat hits you but does no damage.
Casting: Magic Dart
Confirm with . or Enter, or press ? or * to list all spells.
Aiming: Magic Dart
Press: ? - help, Shift-Dir - straight line, f/p - gnoll
Aim: a gnoll, wielding a halberd (moderately wounded)
You miscast Magic Dart.
The air around you crackles with energy!
The bat hits you but does no damage.
The gnoll hits you from afar with a halberd.
You die...

## .[#.#...)#.#
...#.#.#.)#.# ###
#.#.#..#.# #.#.#..#.#
#.#.#..#.#
..######+#.#....#.#
...........####.#g#
...........####.#b######
................@......#
..........#####.#.####.#
..(.......# #.#.#
..........#####.#.##.#
............K........#
.(........†####.#.##.#
.####......# #.#.# .
#......# #.#.# .
#......# #.#


You could see a gnoll and a bat.

Vanquished Creatures
  An ooze (D:1)
  2 dart slugs (D:1)
  A bat (D:1)
  2 hobgoblins (D:1)
  3 giant newts (D:1)
  4 kobolds (D:1)
  2 rats (D:1)
15 creatures vanquished.

Notes
Turn   | Place    | Note
--------------------------------------------------------------
     0 | D:1      | FitzyFitz the Draconian Wizard began the quest for the Orb.
     0 | D:1      | Reached XP level 1. HP: 14/14 MP: 4/4
    83 | D:1      | Reached XP level 2. HP: 19/20 MP: 0/6
   365 | D:1      | Reached skill level 1 in Shields
   465 | D:1      | Slain by a gnoll

Vault maps used:
D:1:      minmay_arrival_radiant_lines

Skill      XL: |  1  2 |
---------------+-------+-----
Conjurations   | 2 |  2.2
Shields        | 1 |  1.2
Dodging        | |  1.7
Stealth        | |  1.7
Spellcasting   | |  3.0
Summonings     | |  1.0
Translocations | |  1.0

Action                   || total
-------------------------++-------
Melee: Unarmed           ||     4
       Short sword       ||    19
       Tailslap          ||     1
Throw: Stone             ||     2
 Cast: Magic Dart        ||    19
  Use: Scroll            ||     1
       Potion            ||     1
 Stab: Sleeping          ||     1
Armor: Skin              ||    27
Dodge: Dodged            ||    33
